 Dungeon Crawl Stone Soup version 0.30-a0-800-g7c544603b3 (webtiles) character file.

Game seed: 15162167681174151138

47 Darius099 the Chopper (level 3, 0/31 HPs)
             Began as a Minotaur Fighter on Feb 22, 2023.
             Slain by Sigmund
             ... wielding a +0 heavy scythe
              (16 damage)
             ... on level 2 of the Dungeon.
             The game lasted 00:02:42 (616 turns).

Darius099 the Chopper (Minotaur Fighter)             Turns: 616, Time: 00:02:43

Health: 0/31       AC:  6    Str: 22    XL:     3   Next: 48%
Magic:  2/2        EV:  9    Int:  5    God:
Gold:   80         SH:  4    Dex:  9    Spells: 2/2 levels left

rFire   . . .      SeeInvis .    a - +0 war axe
rCold   . . .      Faith    .    c - +0 buckler
rNeg    . . .      Spirit   .    b - +0 scale mail
rPois   .          Reflect  .    (helmet restricted)
rElec   .          Harm     .    (no cloak)
rCorr   .          Rampage  .    (no gloves)
Will    .....                    (no boots) Stlth
                                 (no amulet)
HPRegen 0.25/turn                (no ring)
MPRegen 0.08/turn                (no ring)

@: no status effects
A: horns 2, retaliatory headbutt
a: no special abilities


You were on level 2 of the Dungeon.
You visited 1 branch of the dungeon, and saw 2 of its levels.

You collected 80 gold pieces.

Inventory:

Hand Weapons
 a - a +0 war axe (weapon)
Missiles
 i - 2 throwing nets (quivered)
 l - 2 boomerangs
 m - 10 stones
Armour
 b - a +0 scale mail (worn)
 c - a +0 buckler (worn)
Scrolls
 e - a scroll of vulnerability {unknown}
 f - a scroll of magic mapping {unknown}
 g - a scroll of fear {unknown}
 j - 2 scrolls of noise {unknown}
 k - a scroll of identify {unknown}
Potions
 d - a potion of might
 h - a potion of haste {unknown}
 n - a potion of berserk rage {unknown}


   Skills:
 - Level 3.6 Fighting
 + Level 4.8 Axes
 - Level 3.6 Armour
 - Level 3.6 Shields


You had 2 spell levels left.
You didn't know any spells.
Your spell library contained the following spells:

 Spells                   Type           Power      Damage    Failure   Level
 Magic Dart               Conj           0%         1d3       88%         1
 Call Imp                 Summ           0%         N/A       95%         2
 Mephitic Cloud           Conj/Pois/Air  0%         N/A       99%         3


Dungeon Overview and Level Annotations

Branches:
Dungeon (2/15)

Altars:

Annotations:
D:2 Sigmund


Innate Abilities, Weirdness & Mutations

You have a pair of horns on your head.
You reflexively headbutt those who attack you in melee.


Message History

An endoplasm comes into view.
Found a stone staircase leading up.
The endoplasm quivers.
A dart slug comes into view.
Found a fizzy puce potion.
The endoplasm freezes you.
You are frozen.
You barely miss the endoplasm. You headbutt the endoplasm.
You kill the endoplasm!
The dart slug launches a dart at you. You block the slug dart.
You barely miss the dart slug. The dart slug bites you.
You slash the dart slug!
You kill the dart slug!
No target in view!
No target in view!
HP restored.
n - a fizzy puce potion Sigmund and a ball python come into view.
Sigmund is wielding a +0 heavy scythe.
Found a stone staircase leading up.
Sigmund shouts!
The ball python hisses angrily.
Found a spear.
You barely miss the ball python. Your headbutt misses the ball python.
The ball python bites you but does no damage.
The ball python grabs you. The ball python constricts you.
The ball python barely misses you. The ball python constricts you.
You slash the ball python!
You kill the ball python!
Sigmund hits you from afar with a +0 heavy scythe!
Ouch! That really hurt!
A bat comes into view.
You are too injured to fight recklessly!
You hit Sigmund. You headbutt Sigmund.
Sigmund is moderately wounded.
The bat closely misses you. You furiously retaliate!
You headbutt the bat!
You kill the bat!
Sigmund hits you with a +0 heavy scythe!
Ouch! That really hurt!
You die...

..... #. ^. ###.. .
... .. .... ##) ..##
#. ##.# .#... #..#
#####. #.. #...<# #..
...#. ###.. ....##.#
#.#.##...# # #.@#†#
#.......##
#.##.@.######..†....##
#...........<.#.......
#.##...########..#....
# #........####..#####
#####.....##...#
###........#####
###..#........
#.........###
#.........#


You could see Sigmund.

Vanquished Creatures
  3 dart slugs
  3 bats
  6 endoplasms
  2 giant cockroaches (D:1)
  4 goblins (D:1)
  3 hobgoblins (D:1)
  2 jackals (D:2)
  3 kobolds (D:1)
  2 quokkas (D:1)
  5 ball pythons
  A frilled lizard (D:1)
  3 rats (D:1)
37 creatures vanquished.

Notes
Turn   | Place    | Note
-------+----------+-------------------------------------------
     0 | D:1      | Darius099 the Minotaur Fighter began the quest for the Orb.
     0 | D:1      | Reached XP level 1. HP: 19/19 MP: 0/0
     6 | D:1      | Noticed a wyvern
     7 | D:1      | Noticed a killer bee
     7 | D:1      | Noticed a hound
    45 | D:1      | Reached skill level 3 in Axes
    76 | D:1      | Reached XP level 2. HP: 25/26 MP: 1/1
   187 | D:1      | Reached skill level 4 in Axes
   243 | D:1      | Reached XP level 3. HP: 30/31 MP: 2/2
   610 | D:2      | Noticed Sigmund
   616 | D:2      | Slain by Sigmund

Illustrated notes

Levels and vault maps discovered:
D:1:      onia_arrival_zoo_common, layout_rooms, minmay_pentomino_w4
D:2:      layout_rooms, uniq_sigmund

Skill      XL: |  1  2 |
---------------+-------+-----
Axes           | 3 4 |  4.8
Fighting       | |  3.6
Armour         | |  3.6
Shields        | |  3.6

Action                     || total
---------------------------++-------
  Melee: War axe           ||    58
         Headbutt          ||     6
 Armour: Scale mail        ||    17
  Dodge: Dodged            ||    23
  Block: Buckler           ||    16

Table legend: (Time is in decaauts)
 A = Elapsed time spent in this place.
 B = Non-inter-level travel time spent in this place.
 C = Inter-level travel time spent in this place.
 D = Time resting spent in this place.
 E = Time spent auto-exploring this place.
 F = Levels seen in this place.
 G = Mean time per level.
                   A        B        C        D        E       F      G
               +--------+--------+--------+--------+--------+-----+--------+
         Total |    635 |    597 |     38 |      0 |    338 |   2 |  317.5 |
       Dungeon |    635 |    597 |     38 |      0 |    338 |   2 |  317.5 |
               +--------+--------+--------+--------+--------+-----+--------+

Top non-repeatable levels by time:
     D:1: 544 daAuts
     D:2: 90 daAuts
